 Dungeon Crawl Stone Soup version 0.29-a0-194-g6e3aafee17 (webtiles) character file.

Game seed: 13443256734941880527

186 fragbeetle the Bolt Thrower (level 5, 0/42 HPs)
             Began as a Minotaur Hunter on Feb 23, 2022.
             Succumbed to a scorpion's poison
             ... on level 3 of the Dungeon.
             The game lasted 00:02:25 (1999 turns).

fragbeetle the Bolt Thrower (Minotaur Hunter)       Turns: 1999, Time: 00:02:26

Health: 0/42       AC: 13    Str: 18    XL:     5   Next: 38%
Magic:  4/4        EV:  7    Int:  8    God:
Gold:   91         SH:  0    Dex:  9    Spells: 4/4 levels left

rFire   . . .      SeeInvis .   a - +1 hand crossbow
rCold   . . .      Faith    .   (no shield)
rNeg    . . .      Spirit   .   h - +0 chain mail
rPois   .          Reflect  .   (helmet restricted)
rElec   .          Harm     .   (no cloak)
rCorr   .          Rampage  .   (no gloves)
Will    .....                   k - +0 pair of boots
Stlth   ..........              (no amulet)
HPRegen 0.14/turn               (no ring)
MPRegen 0.09/turn               (no ring)

@: mighty, lethally poisoned (0 -> -3)
A: horns 2, retaliatory headbutt, iridescent scales 2, clumsy 1
a: no special abilities


You were on level 3 of the Dungeon.
You visited 1 branch of the dungeon, and saw 4 of its levels.

You collected 91 gold pieces.

Inventory:

Hand Weapons
 a - a +1 hand crossbow (weapon)
 b - a +0 halberd of protection
Armour
 h - a +0 chain mail (worn)
 k - a +0 pair of boots (worn)
 q - a +0 leather armour
Jewellery
 f - a ring of see invisible
Wands
 m - a wand of mindburst (10)
Scrolls
 c - 2 scrolls of identify {unknown}
 e - a scroll of immolation {unknown}
 g - a scroll of fear {unknown}
 j - a scroll of amnesia {unknown}
 l - a scroll of blinking {unknown}
 n - a scroll of enchant armour {unknown}
 o - a scroll of teleportation {unknown}
 p - a scroll of magic mapping {unknown}
Potions
 d - 3 potions of might


   Skills:
 - Level 2.4 Fighting
 + Level 7.4 Crossbows
 - Level 2.1 Dodging
 - Level 0.7 Stealth


You had 4 spell levels left.
You didn't know any spells.
Your spell library contained the following spells:

 Spells                   Type           Power      Damage    Failure   Level
 Gell's Gravitas          Tloc           0%         N/A       100%        3
 Lesser Beckoning         Tloc           0%         N/A       100%        3
 Teleport Other           Tloc           0%         N/A       100%        3


Dungeon Overview and Level Annotations

Branches:
Dungeon (4/15)
 Temple: D:4-7

Altars:
Kikubaaqudgha

Annotations:
D:3 Menkaure
D:4 Blork the orc


Innate Abilities, Weirdness & Mutations

You have a pair of horns on your head.
You reflexively headbutt those who attack you in melee.
You are mostly covered in iridescent scales. (AC +4)
You are clumsy. (Dex -2)


Message History

Found a scroll labelled XAYNET LASOHE.
Found a stone staircase leading up.
The jelly jiggles.
The giant cockroach bites you but does no damage.
Menkaure calls on the powers of darkness!
Your body is wracked with pain!
The jelly convulses!
The giant cockroach convulses!
The giant cockroach waves its antennae.
Menkaure hits you.
Found a ring mail.
The giant cockroach barely misses you. You furiously retaliate!
You headbutt the giant cockroach, but do no damage.
The giant cockroach barely misses you.
Menkaure gestures at you while chanting.
Pain shoots through your body! The scorpion stings you.
You are poisoned.
The scorpion poisons you!
There is a stone staircase leading up here.
You feel sick.
Blork the orc mumbles some strange words.
Blork the orc seems to speed up.
The giant cockroach closely misses you.
Menkaure gestures at you while chanting.
Pain shoots through your body!
* * * LOW HITPOINT WARNING * * *
The scorpion closely misses you.
You climb upwards.
* * * LOW HITPOINT WARNING * * *
You feel sick.
There is a stone staircase leading down here.
It was a potion of might.
You feel very mighty all of a sudden.
* * * LOW HITPOINT WARNING * * *
You feel sick. The giant cockroach barely misses you. You furiously retaliate!
You headbutt the giant cockroach.
The scorpion stings you but does no damage.
Menkaure barely misses you.
It was a potion of mutation.
You feel extremely strange.
Iridescent scales grow over part of your body.
You feel clumsy.
Iridescent scales spread over more of your body.
You die...

# #..#
.... #
##..# .
...# #
#..##
#...
######.M#
......s@#
######B##
#. #. #.
#. #. #.


You could see Menkaure, a scorpion and a giant cockroach.

Vanquished Creatures
  A scorpion (D:3)
  An orc wizard (D:3)
  4 gnolls (D:2)
  An adder (D:2)
  An orc (D:3)
  3 bats
  4 endoplasms
  4 giant cockroaches
  5 goblins
  5 hobgoblins
  3 jackals (D:3)
  5 kobolds
  A quokka (D:1)
  4 ball pythons
  4 frilled lizards
  4 rats
50 creatures vanquished.

Notes
Turn   | Place    | Note
-------+----------+-------------------------------------------
     0 | D:1      | fragbeetle the Minotaur Hunter began the quest for the Orb.
     0 | D:1      | Reached XP level 1. HP: 18/18 MP: 0/0
   266 | D:1      | Reached XP level 2. HP: 25/25 MP: 1/1
   408 | D:1      | Reached skill level 5 in Crossbows
   987 | D:2      | Reached XP level 3. HP: 24/30 MP: 2/2
  1208 | D:2      | Found an ancient bone altar of Kikubaaqudgha.
  1436 | D:2      | Reached skill level 6 in Crossbows
  1440 | D:2      | Reached XP level 4. HP: 22/37 MP: 3/3
  1763 | D:3      | Noticed a scorpion
  1774 | D:3      | Killed a scorpion
  1775 | D:3      | Reached skill level 7 in Crossbows
  1775 | D:3      | Reached XP level 5. HP: 35/42 MP: 4/4
  1979 | D:3      | You fall into a shaft and drop 1 floor!
  1983 | D:4      | Noticed Blork the orc
  1983 | D:4      | Noticed an ogre
  1987 | D:4      | Noticed Menkaure
  1997 | D:3      | HP: 2/42 [poisoned by a scorpion]
  1999 | D:3      | Gained mutation: You are partially covered in iridescent
                  | scales. (AC +2) [potion of mutation]
  1999 | D:3      | Gained mutation: You are clumsy. (Dex -2) [potion of
                  | mutation]
  1999 | D:3      | Gained mutation: You are mostly covered in iridescent
                  | scales. (AC +4) [potion of mutation]
  1999 | D:3      | Succumbed to a scorpion's poison

Illustrated notes

Levels and vault maps discovered:
D:1:      roderic_chinese_lattice_arrival, layout_loops_ring, serial_rivers,
          chequers_serial_rivers_small_3, chequers_serial_rivers_large_a,
          chequers_serial_rivers_small_b, chequers_serial_rivers_room_a
D:2:      layout_basic, basic_altar
D:3:      layout_loops_ring, grunt_temple_overflow_cloverleaf,
          shapermc_ecumenical_altar_rom_forum, minivault_4, kennysheep_boxes,
          uniq_robin
D:4:      layout_gridville, lemuel_flame_loot_1, uniq_blork_the_orc,
          uniq_eustachio, uniq_menkaure

Skill      XL: |  1  2  3  4 |
---------------+-------------+-----
Crossbows      | 5 6 7 |  7.4
Fighting       | |  2.4
Dodging        | |  2.1
Stealth        | |  0.7

Action                   |  1- 3 |  4- 6 || total
-------------------------+-------+-------++-------
Melee: Halberd           |       |     6 ||     6
 Fire: Hand crossbow     |    66 |    49 ||   115
  Use: Potion            |       |     2 ||     2
Armor: Chain mail        |     9 |    25 ||    34
Dodge: Dodged            |     9 |    16 ||    25

Table legend: (Time is in decaauts)
 A = Elapsed time spent in this place.
 B = Non-inter-level travel time spent in this place.
 C = Inter-level travel time spent in this place.
 D = Time resting spent in this place.
 E = Time spent auto-exploring this place.
 F = Levels seen in this place.
 G = Mean time per level.
                   A        B        C        D        E       F      G
               +--------+--------+--------+--------+--------+-----+--------+
         Total |   2092 |   2044 |     48 |      0 |   1702 |   4 |  523.0 |
       Dungeon |   2092 |   2044 |     48 |      0 |   1702 |   4 |  523.0 |
               +--------+--------+--------+--------+--------+-----+--------+

Top non-repeatable levels by time:
     D:2: 982 daAuts
     D:1: 838 daAuts
     D:3: 253 daAuts
     D:4: 19 daAuts
